AoeStats
← Dani_AOE2

Arena

509313635Analyzed
4v4 RM · 6d ago on Sep 26, 2026· 22m 30s· 8 players
Game mode
Random Map
Map size
Large (8 player)
Population
200
Speed
Normal
Resources
Standard
Victory
Conquest
Starting age
Dark Age
Ending age
Imperial Age
RankedLock teamsTeams togetherTeam positionsShared explorationLock speedFull tech treeHidden civsTurbo modeCheats
Victory
Defeat
🇮🇳 Gurjaras · India
1641
+12
🇮🇳 Khmer · India
1552
+16
🇮🇳 Japanese · India
1506
+18
🇮🇳 Varangians · India
1396
+23
🇩🇪 Ethiopians · Germany
1607
-19
🇦🇺 Danes · Australia
1563
-18
🇻🇳 Varangians · Vietnam
1524
-16
🇳🇱 Mongols · Netherlands
1512
-16
vitroti
10:12 Feudal Age
14:08 Castle Age
12:08 Double-Bit Axe
12:14 Horse Collar
18:00 Light Cavalry
Mewes96
10:00 Feudal Age
13:35 Castle Age
11:31 Double-Bit Axe
11:49 Horse Collar
14:35 Bow Saw
18:39 Town Watch
20:57 Scale Mail Armor
21:07 Forging
21:19 Fletching
21:46 Squires
21:06 Man-at-Arms
Dani_AOE2
10:49 Feudal Age
15:20 Castle Age
14:10 Horse Collar
14:18 Double-Bit Axe
14:26 Gold Mining
16:53 Heavy Plow
19:13 Loom
20:48 Bow Saw
22:00 Stone Mining
Mau5
10:48 Feudal Age
14:44 Castle Age
12:32 Double-Bit Axe
12:30 Horse Collar
15:48 Bow Saw
17:38 Loom
MetallicChef630
11:07 Feudal Age
14:44 Castle Age
13:00 Double-Bit Axe
15:02 Horse Collar
17:39 Scale Mail Armor
centurion
11:17 Feudal Age
15:00 Castle Age
12:53 Double-Bit Axe
16:10 Bow Saw
21:27 Scale Barding Armor
23:05 Forging
GuruGreatest
10:41 Feudal Age
13:55 Castle Age
12:02 Double-Bit Axe
12:16 Horse Collar
14:07 Light Cavalry
15:28 Bloodlines
17:32 Wheelbarrow
17:37 Bow Saw
20:28 Heavy Plow
Aqua Sama
6:22 Loom
9:43 Feudal Age
13:38 Castle Age
11:39 Double-Bit Axe
12:13 Horse Collar
16:10 Bow Saw
Connection lost

Rejoining the realm…

Still unreachable

The connection could not be restored.

Session expired

The server has moved on; the page needs a fresh start.